 Dungeon Crawl Stone Soup version 0.26.0-16-gc1dbca0489 (console) character file.

Game seed: 5953231893198893999

10717 om the Nimble (level 11, -7/82 HPs)
             Began as a Red Draconian Earth Elementalist on Jan 12, 2021.
             Was a High Priest of Vehumet.
             Mangled by an ettin
             ... wielding a +0 dire flail
              (35 damage)
             ... on level 10 of the Dungeon on Jan 18, 2021.
             The game lasted 00:32:42 (13944 turns).

om the Nimble (Red Draconian Earth Elementalist)   Turns: 13944, Time: 00:32:43

Health: -7/82      AC:  9    Str: 13    XL:     11   Next: 39%
Magic:  20/20      EV: 13    Int: 17    God:    Vehumet [*****.]
Gold:   300        SH:  5    Dex: 11    Spells: 2/22 levels left

rFire    + + +     SeeInvis .   t - +4 short sword (drain)
rCold    + . .     Faith    +   c - +0 buckler
rNeg     . . .     Spirit   .   (armour unavailable)
rPois    +         Reflect  .   (helmet restricted)
rElec    .         Harm     .   p - scarf {rC+ rF+}
rCorr    .         Rampage  .   j - +1 pair of gloves
Will     .....                  (no boots)
Stlth    ++........             y - amulet of faith
HPRegen  0.23/turn              u - ring of poison resistance
MPRegen  0.17/turn              B - ring of protection from fire

@: constricted
A: breathe fire, unfitting armour, fire resistance 1, cold-blooded, AC +7
a: Breathe Fire, Renounce Religion


You were on level 10 of the Dungeon.
You worshipped Vehumet.
Vehumet was extremely pleased with you.
You visited 2 branches of the dungeon, and saw 11 of its levels.

You collected 624 gold pieces.
You spent 324 gold pieces at shops.

Inventory:

Hand Weapons
 d - a +1 dagger of holy wrath
 t - a +4 short sword of draining (weapon)
Missiles
 b - 165 stones
Armour
 c - a +0 buckler (worn)
 j - a +1 pair of gloves (worn)
 p - a scarf of resistance (worn)
Jewellery
 u - a ring of poison resistance (left hand)
 y - an amulet of faith (around neck)
 B - a ring of protection from fire (right hand)
 C - an uncursed amulet of reflection
Wands
 n - a wand of flame (22)
 v - a wand of iceblast (12)
 w - a wand of random effects (25)
 A - a wand of digging (11)
 E - a wand of disintegration (17)
Scrolls
 a - 5 scrolls of enchant armour
 e - 7 scrolls of remove curse
 f - 3 scrolls of enchant weapon
 i - 6 scrolls of teleportation
 k - 3 scrolls of amnesia
 m - 2 scrolls of fog
 r - 3 scrolls of immolation
 s - 3 scrolls of magic mapping
 z - a scroll of blinking
 F - 2 scrolls of identify
Potions
 g - a potion of mutation {unknown}
 h - 5 potions of might
 l - 8 potions of curing
 o - 5 potions of flight
 q - 2 potions of lignification
 x - 5 potions of heal wounds
 D - a potion of resistance


   Skills:
 - Level 3.0 Fighting
 - Level 6.0 Short Blades
 * Level 9.3 Dodging
 - Level 3.0 Stealth
 - Level 7.9 Shields
 - Level 6.0 Spellcasting
 - Level 5.0 Conjurations
 - Level 1.0 Transmutations
 + Level 7.9 Earth Magic


You had 2 spell levels left.
You knew the following spells:

 Your Spells              Type           Power        Failure   Level
a - Sandblast             Erth           62%          1%          1
b - Stone Arrow           Conj/Erth      54%          1%          3
c - Passwall              Tmut/Erth      16%          3%          2
d - Magic Dart            Conj           88%          1%          1
e - Bolt of Magma         Conj/Fire/Erth 9%           16%         5
f - Dazzling Flash        Conj/Hex       26%          4%          3
g - Lee's Rapid Deconstr  Erth           15%          4%          5

Your spell library contained the following spells:

 Spells                   Type           Power        Failure   Level
 Beastly Appendage        Tmut           16%          9%          1
 Wereblood                Tmut           8%           13%         2
 Petrify                  Tmut/Erth      20%          21%         4
 Spider Form              Tmut/Pois      3%           30%         3
 Ice Form                 Ice/Tmut       6%           71%         4
 Blade Hands              Tmut           4%           93%         5


Dungeon Overview and Level Annotations

Branches:
Dungeon (10/15)            Temple (0/1) D:4            Lair (0/6) D:10
    Orc (1/2) D:9

Altars:
Cheibriados
Dithmenos
Gozag
Kikubaaqudgha
Makhleb
Nemelex Xobeh
Qazlal
Ru
Trog
Vehumet
Wu Jian
Xom
Yredelemnul

Shops:
D:4 [   D:7 }


Innate Abilities, Weirdness & Mutations

You can breathe blasts of fire.
Your fiery red scales are hard. (AC +7)
You cannot fit into any form of body armour.
Your flesh is heat resistant. (rF+)
You are cold-blooded and may be slowed by cold attacks.


Message History

You climb upwards.
Welcome back to the Dungeon!
There is a staircase to the Orcish Mines here.
You start resting.
HP restored.
You start waiting.
Done waiting.
Save game and exit?
Welcome back, om the Red Draconian Earth Elementalist.
Vehumet says: Let it end in hellfire!
Press ? for a list of commands and other information.
Done exploring.
Done exploring.
(D) Dungeon (T) Temple (L) Lair (O) Orcish Mines
Where to? (? - help)
There is a stone staircase leading down here.
You climb downwards.
You block the anaconda's attack. The anaconda bites you!
The anaconda grabs you. The anaconda bites you. The anaconda constricts you.
The ettin hits you with a +0 dire flail!!!
The ettin hits you with a +0 dire flail!!
You die...

.....####.....#####
#...........
#..##.#.##........#
#.##########
##.##.#.##).......####.#
........)))...........>#
##..#†####........###### ##
#.# ###.......#
#...######.#####.#
##.............#.#
#.#######.......# #.
#......C.#
#.######....S@..#
#.....##..#####'##
#.....##)........#
#.....###.####.S.# #.....#
#.# #.... #.....###)###...
#####.....()..##..
......##.###..##.#######
......##.#<...##.'...#))
..>....#.#.#..##.#...#[}###
.....#.#.#.....†.#C..#.s..#


You could see an ettin and an anaconda.

Vanquished Creatures
  3 two-headed ogres (D:8)
  Erica (D:10)
  An ugly thing (D:10)
  A cyclops (D:9)
  Joseph (D:7)
  Grinder (D:5)
  A slime creature (D:8)
  3 shadows (D:9)
  Sigmund (D:5)
  A wyvern (D:8)
  3 wargs (D:10)
  3 water moccasins
  6 ice beasts
  3 sky beasts
  2 black bears
  A phantom (D:3)
  8 ogres
  3 centaurs
  4 bullfrogs
  2 gnoll sergeants
  A water moccasin zombie (D:10)
  3 scorpions
  4 killer bees
  16 wights
  2 troll zombies (D:9)
  7 howler monkeys
  2 centaur zombies
  4 hounds
  2 orc priests
  8 orc wizards
  5 iguanas
  Ijyb (D:5)
  Natasha (thrice) (D:3)
  7 worker ants
  4 ogre zombies (D:9)
  3 hound skeletons
  A howler monkey zombie (D:5)
  Robin (D:2)
  8 gnolls
  A worker ant zombie (D:9)
  17 adders
  2 shadow imps
  2 white imps
  An ufetubus (D:6)
  An ooze (D:3)
  An adder skeleton (D:9)
  2 worms
  3 dart slugs
  8 leopard geckos
  30 orcs
  7 giant cockroaches
  17 goblins
  6 hobgoblins
  14 jackals
  5 kobolds
  9 quokkas
  3 ball pythons
  8 bats
  4 frilled lizards
  A goblin skeleton (D:9)
  2 goblin zombies (D:9)
  A hobgoblin zombie (D:9)
  A leopard gecko skeleton (D:4)
  2 orc skeletons (D:9)
  13 orc zombies (D:9)
  3 quokka skeletons
  11 rats
306 creatures vanquished.

Notes
Turn   | Place    | Note
-------+----------+-------------------------------------------
     0 | D:1      | om the Draconian Earth Elementalist began the quest for the
                  | Orb.
     0 | D:1      | Reached XP level 1. HP: 14/14 MP: 3/3
   328 | D:1      | Reached skill level 2 in Dodging
   328 | D:1      | Reached XP level 2. HP: 11/20 MP: 0/5
  1006 | D:2      | Upgraded the game from 0.26.0-8-g74fc34ddfb to
                  | 0.26.0-15-gc6cd9f700b
  1093 | D:2      | Reached XP level 3. HP: 23/27 MP: 3/6
  1453 | D:2      | Reached skill level 1 in Fighting
  1453 | D:2      | Reached XP level 4. HP: 23/35 MP: 5/7
  1712 | D:2      | Noticed Robin
  1730 | D:2      | Killed Robin
  2327 | D:2      | Learned a level 3 spell: Stone Arrow
  2330 | D:2      | Learned a level 2 spell: Passwall
  2441 | D:2      | Found a shimmering altar of Xom.
  2446 | D:2      | Found a radiant altar of Vehumet.
  2462 | D:2      | Found an opulent altar of Gozag.
  2469 | D:2      | Found a burning altar of Makhleb.
  2470 | D:2      | Found a stormy altar of Qazlal.
  2472 | D:2      | Found a sparkling altar of Nemelex Xobeh.
  2474 | D:2      | Found an ancient bone altar of Kikubaaqudgha.
  2596 | D:2      | Became a worshipper of Vehumet
  2893 | D:3      | Noticed Natasha
  2906 | D:3      | Killed Natasha
  2907 | D:3      | Reached skill level 3 in Dodging
  2907 | D:3      | Reached XP level 5. HP: 36/41 MP: 2/9
  2989 | D:3      | Noticed Natasha
  2995 | D:3      | Killed Natasha
  3012 | D:3      | Noticed Natasha
  3013 | D:3      | Found a faded altar of an unknown god.
  3021 | D:3      | Killed Natasha
  3625 | D:3      | Noticed a phantom
  3651 | D:3      | Killed a phantom
  3652 | D:3      | Reached XP level 6. HP: 31/48 MP: 6/10
  3782 | D:3      | Reached skill level 1 in Short Blades
  3825 | D:3      | Reached * piety under Vehumet
  3825 | D:3      | Offered knowledge of Magic Dart by Vehumet.
  3850 | D:3      | Learned a level 1 spell: Magic Dart
  3855 | D:3      | Learned a level 4 spell: Petrify
  4425 | D:4      | Found a staircase to the Ecumenical Temple.
  4461 | D:4      | Reached skill level 1 in Conjurations
  4461 | D:4      | Your scales start taking on a fiery red colour.
  4461 | D:4      | Reached XP level 7. HP: 56/56 MP: 7/11
  4461 | D:4      | Gained mutation: Your flesh is heat resistant. (rF+) [Red
                  | Draconian growth]
  4539 | D:4      | Reached skill level 4 in Dodging
  4746 | D:4      | Found a sacrificial altar of Ru.
  4748 | D:4      | Found a shadowy altar of Dithmenos.
  4798 | D:4      | Found Vogesoch's Armour Boutique.
  4822 | D:4      | Bought a +0 buckler for 54 gold pieces
  5134 | D:5      | Entered Level 5 of the Dungeon
  5143 | D:5      | Reached skill level 1 in Shields
  5145 | D:5      | Noticed Sigmund
  5347 | D:5      | Offered knowledge of Freeze by Vehumet.
  5352 | D:5      | Killed Sigmund
  5353 | D:5      | Reached XP level 8. HP: 63/63 MP: 11/13
  5376 | D:5      | Reached ** piety under Vehumet
  5449 | D:5      | Reached skill level 5 in Earth Magic
  5495 | D:5      | Noticed Ijyb
  5499 | D:5      | Killed Ijyb
  5530 | D:5      | Reached skill level 5 in Dodging
  5878 | D:5      | Found an ornate altar of the Wu Jian Council.
  6057 | D:5      | Noticed Grinder
  6066 | D:5      | Paralysed by Grinder for 7 turns
  6068 | D:5      | Killed Grinder
  6507 | D:6      | Reached XP level 9. HP: 68/69 MP: 9/15
  6514 | D:6      | Offered knowledge of Ignite Poison by Vehumet.
  6764 | D:6      | Found a bloodstained altar of Trog.
  6786 | D:6      | Found a shadowy altar of Dithmenos.
  6900 | D:6      | Reached *** piety under Vehumet
  6923 | D:6      | Found a basalt altar of Yredelemnul.
  7487 | D:6      | Offered knowledge of Dazzling Flash by Vehumet.
  7492 | D:6      | Learned a level 3 spell: Dazzling Flash
  7550 | D:7      | Noticed Joseph
  7551 | D:7      | Reached skill level 5 in Short Blades
  7584 | D:7      | Killed Joseph
  7585 | D:7      | Reached skill level 6 in Dodging
  7585 | D:7      | Reached skill level 5 in Conjurations
  7892 | D:7      | Reached skill level 5 in Shields
  7897 | D:7      | Reached **** piety under Vehumet
  8036 | D:7      | Found Teulimiu's Gadget Shoppe.
  8044 | D:7      | Bought a wand of digging (5) for 270 gold pieces
  8286 | D:8      | Found a snail-covered altar of Cheibriados.
  8719 | D:8      | Offered knowledge of Static Discharge by Vehumet.
  8720 | D:8      | Reached skill level 5 in Spellcasting
  8720 | D:8      | Reached XP level 10. HP: 43/77 MP: 17/17
  9115 | D:8      | Noticed a two-headed ogre
  9156 | D:8      | Killed a two-headed ogre
  9157 | D:8      | Reached skill level 7 in Dodging
  9385 | D:8      | Noticed a two-headed ogre
  9398 | D:8      | Killed a two-headed ogre
  9798 | D:8      | Noticed a two-headed ogre
  9841 | D:8      | Killed a two-headed ogre
  9842 | D:8      | Reached skill level 8 in Dodging
 10074 | D:8      | Learned a level 5 spell: Lee's Rapid Deconstruction
 10437 | D:9      | Noticed a cyclops
 10456 | D:9      | Killed a cyclops
 10934 | D:9      | Reached XP level 11. HP: 68/82 MP: 18/18
 11597 | D:9      | Reached ***** piety under Vehumet
 11607 | D:9      | Offered knowledge of Bolt of Magma by Vehumet.
 11724 | D:9      | Found a staircase to the Orcish Mines.
 12223 | D:10     | Entered Level 10 of the Dungeon
 12356 | D:10     | Learned a level 5 spell: Bolt of Magma
 13143 | D:10     | Found a staircase to the Lair.
 13373 | D:10     | Noticed Erica
 13376 | D:10     | Killed Erica
 13377 | D:10     | Reached skill level 9 in Dodging
 13476 | D:10     | Noticed a green ugly thing
 13486 | D:10     | Killed a green ugly thing
 13564 | D:10     | Noticed an ettin
 13564 | D:10     | Noticed a swamp dragon
 13564 | D:10     | a swamp dragon changed into a tarantella
 13568 | D:10     | Noticed a lindwurm
 13570 | D:10     | Noticed a shining eye
 13570 | D:10     | a lindwurm changed into a shining eye
 13586 | D:10     | Noticed an anaconda
 13634 | Orc:1    | Entered Level 1 of the Orcish Mines
 13919 | D:9      | Upgraded the game from 0.26.0-15-gc6cd9f700b to
                  | 0.26.0-16-gc1dbca0489
 13944 | D:10     | Mangled by an ettin

Illustrated notes

Levels and vault maps discovered:
D:1:      minmay_arrival_diagonal_passages, layout_rooms
D:2:      layout_basic, minitemple, serial_aquarium,
          aquarium_bridge_island_small [aquarium_subvault_small_open,
          aquarium_subvault_balcony, aquarium_subvault_window,
          aquarium_subvault_window, aquarium_subvault_bridge],
          aquarium_bridge_square [aquarium_subvault_balcony,
          aquarium_subvault_wall, aquarium_subvault_bridge,
          aquarium_subvault_bridge], aquarium_window_fake,
          aquarium_window_corridor_1, aquarium_window_fake,
          aquarium_window_fake, aquarium_view_2f, aquarium_view_4, uniq_robin
D:3:      layout_loops_ring, chequers_ecumenical_altar_simple_redux,
          uniq_natasha
D:4:      layout_loops_ring, grunt_temple_overflow_open,
          minmay_temple_entry_mist, serial_shops, shop
D:5:      layout_cave_pools, nicolae_overflow_crystal_walls,
          hangedman_decor_riveting, minmay_circle_x, uniq_grinder, uniq_sigmund,
          uniq_ijyb
D:6:      layout_loops_ring, lemuel_round_altar, lemuel_crystal_altar,
          grunt_dithmenos_smoke_and_mirrors
D:7:      layout_cave_pools, serial_shops, shop, uniq_joseph
D:8:      wad_guarded_room, layout_loops_ring, slow_altar_1, item_on_display_b
D:9:      layout_loops_ring, zombieorc1_lemuel
D:10:     minmay_shrinking_squares, layout_basic, erik_lair_orcish_takeover,
          uniq_erica
Orc:1:    layout_caves, serial_shops, shop

Skill      XL: |  1  2  3  4  5  6  7  8  9 10 11 |
---------------+----------------------------------+-----
Dodging        | 2 3 4 5 6 8 9 |  9.3
Stealth        | 2 3 |  3.0
Fighting       | 1 2 3 |  3.0
Earth Magic    | 4 5 7 |  7.9
Spellcasting   | 3 4 5 6 |  6.0
Short Blades   | 1 2 4 5 6 |  6.0
Conjurations   | 1 2 3 5 |  5.0
Shields        | 1 3 5 7 |  7.9
Transmutations | |  1.0

Action                   |  1- 3 |  4- 6 |  7- 9 | 10-12 || total
-------------------------+-------+-------+-------+-------++-------
Melee: Dagger            |    52 |   265 |     7 |       ||   324
       Club              |     2 |       |       |       ||     2
       Unarmed           |     1 |       |       |       ||     1
       Tailslap          |     1 |    27 |    21 |    39 ||    88
       Short sword       |       |       |   240 |   241 ||   481
 Cast: Sandblast         |    20 |    43 |   112 |    91 ||   266
       Magic Dart        |       |       |     1 |       ||     1
       Lee's Rapid Decon |       |       |       |     6 ||     6
       Bolt of Magma     |       |       |       |     3 ||     3
       Dazzling Flash    |       |       |       |     1 ||     1
 Abil: Breathe Fire      |       |       |    22 |    20 ||    42
Evoke: Wand              |       |       |       |     1 ||     1
  Use: Scroll            |       |    10 |       |     9 ||    19
       Potion            |       |       |       |     1 ||     1
 Stab: Sleeping          |     5 |     3 |     7 |     4 ||    19
Armor: Skin              |    20 |    84 |    94 |    38 ||   236
Dodge: Dodged            |    58 |   192 |   169 |   155 ||   574
Block: Buckler           |       |       |    66 |    48 ||   114
